 Dungeon Crawl Stone Soup version 0.27.1-4-g1640c2035a (webtiles) character file.

Game seed: 15230191664350936442

748 Turgor the Sneak (level 7, -6/48 HPs)
             Began as an Octopode Brigand on Nov 5, 2021.
             Was an Initiate of Gozag.
             Mangled by a troll (8 damage)
             ... on level 6 of the Dungeon.
             The game lasted 00:32:47 (4264 turns).

Turgor the Sneak (Octopode Brigand)                 Turns: 4264, Time: 00:32:48

Health: -6/48      AC:  5    Str: 10    XL:     7   Next: 77%
Magic:  7/7        EV: 14    Int: 15    God:    Gozag
Gold:   274        SH:  0    Dex: 14    Spells: 6/6 levels left

rFire    . . .     SeeInvis .   a - +2 dagger
rCold    . . .     Faith    .   (no shield)
rNeg     . . .     Spirit   .   (helmet restricted)
rPois    .         Reflect  .   (no amulet)
rElec    .         Harm     .   m - +4 ring of protection
rCorr    .         Rampage  .   (no ring)
Will     .....                  (no ring)
Stlth    ++++......             (no ring)
HPRegen  0.16/turn              (no ring)
MPRegen  0.10/turn              (no ring)
                                (no ring)
                                (no ring)

@: no status effects
A: almost no armour, amphibious, 8 rings, camouflage 1, gelatinous body 1,
(nimble swimmer 1), tentacles
a: Renounce Religion, Potion Petition, Call Merchant, Bribe Branch


You were on level 6 of the Dungeon.
You worshipped Gozag.
Gozag was aware of your devotion.
You visited 2 branches of the dungeon, and saw 7 of its levels.

You collected 318 gold pieces.
You paid 44 gold pieces to Gozag.

Inventory:

Hand Weapons
 a - a +2 dagger (weapon)
Missiles
 b - 42 poisoned darts (quivered)
 d - 118 stones
 e - 64 sling bullets
 s - a throwing net
Jewellery
 m - a +4 ring of protection (left tentacle)
Wands
 q - a wand of charming (1)
Scrolls
 f - a scroll of enchant weapon {unknown}
 g - a scroll of enchant armour {unknown}
 h - 6 scrolls of teleportation
 j - a scroll of holy word {unknown}
 k - a scroll of magic mapping {unknown}
 l - a scroll of blinking
 n - a scroll of amnesia {unknown}
 p - a scroll of immolation {unknown}
 v - a scroll of fear {unknown}
Potions
 i - a potion of might
 o - a potion of curing
 r - a potion of heal wounds
 t - a potion of haste
 u - 2 potions of flight {unknown}


   Skills:
 + Level 4.0 Fighting
 + Level 4.1 Short Blades
 + Level 4.1 Throwing
 + Level 3.6 Dodging
 - Level 7.0 Stealth
 + Level 2.2 Evocations


You had 6 spell levels left.
You didn't know any spells.
Your spell library was empty.

Dungeon Overview and Level Annotations

Branches:
Dungeon (6/15)             Temple (1/1) D:4

Altars:
Cheibriados
Elyvilon
Fedhas
Gozag
Hepliaklqana
Kikubaaqudgha
Nemelex Xobeh
Vehumet
Xom
Zin

Shops:
D:3 *   D:5 (

Annotations:
D:4 exclusion: necrophage


Innate Abilities, Weirdness & Mutations

You cannot wear most types of armour.
You are amphibious.
You can wear up to eight rings at the same time.
Your skin changes colour to match your surroundings (Stealth+).
Your rubbery body absorbs attacks. (AC +1, EV +1)
((You are camouflaged near water. (Stealth+)))
You have tentacles for arms and can constrict up to eight enemies at once.


Message History

Throw: 45 darts (poison)
Press: ? - help, Q - select action, (/) - cycle Shift-Dir - straight line, f/p - troll
Aim: a troll (severely wounded, very poisoned, 63% to hit)
You throw a poisoned dart.
The poisoned dart barely misses the troll.
Throw: 44 darts (poison)
Press: ? - help, Q - select action, (/) - cycle Shift-Dir - straight line, f/p - troll
Aim: a troll (severely wounded, very poisoned, 63% to hit)
You throw a poisoned dart.
The poisoned dart barely misses the troll.
Throw: 43 darts (poison)
Press: ? - help, Q - select action, (/) - cycle Shift-Dir - straight line, f/p - troll
Aim: a troll (almost dead, very poisoned, 63% to hit)
You throw a poisoned dart. The poisoned dart hits the troll.
The troll looks even sicker.
The troll is almost dead.
The troll bites you but does no damage. The troll misses you.
The troll claws you!
You barely miss the troll.
The troll is severely wounded.
The troll barely misses you. The troll closely misses you. The troll claws you!
You hit the troll.
The troll is almost dead.
You closely miss the troll. You squeeze the troll.
The troll is almost dead.
The troll bites you but does no damage. The troll claws you!
The troll misses you.
You hit the troll. Your squeeze misses the troll.
The troll is almost dead.
The troll bites you!
* * * LOW HITPOINT WARNING * * *
The troll closely misses you. The troll claws you.
* * * LOW HITPOINT WARNING * * *
You closely miss the troll.
The troll is almost dead.
The troll bites you!
* * * LOW HITPOINT WARNING * * *
The troll claws you!
You die...
Your body crumbles into a pile of gold.

#(# #.....#
#.# #.....#
#.# ###....
#.#
#########
#.#
#........
#.#
#.#######
#.# #.# #T#
#.# #@# #.#
#.# #.# #.#
#.# #.# #.#
#.########.#
#..........#
############


You could see a troll (very poisoned).

Vanquished Creatures
  A water moccasin (D:3)
  A black bear (D:6)
  2 centaurs (D:5)
  2 ogres
  A centaur skeleton (D:5)
  A hound skeleton (D:5)
  2 gnolls
  6 adders
  A shadow imp (D:6)
  4 ufetubi
  3 worms (D:2)
  4 dart slugs
  An orc (D:4)
  6 ball pythons
  5 endoplasms
  3 giant cockroaches
  2 goblins (D:2)
  6 hobgoblins
  4 jackals
  A kobold (D:4)
  3 quokkas
  4 bats
  A frilled lizard (D:2)
  4 rats
68 creatures vanquished.

Vanquished Creatures (collateral kills)
  2 gnolls (D:6)
2 creatures vanquished.

Vanquished Creatures (others)
  A jackal (D:1)
1 creature vanquished.

Grand Total: 71 creatures vanquished

Notes
Turn   | Place    | Note
-------+----------+-------------------------------------------
     0 | D:1      | Turgor the Octopode Brigand began the quest for the Orb.
     0 | D:1      | Reached XP level 1. HP: 14/14 MP: 1/1
   209 | D:1      | Found a faded altar of an unknown god.
   213 | D:1      | Reached XP level 2. HP: 19/19 MP: 2/2
   435 | D:1      | Reached XP level 3. HP: 25/25 MP: 3/3
   448 | D:1      | You fall into a shaft and drop 1 floor!
  1340 | D:2      | Reached XP level 4. HP: 30/30 MP: 4/4
  2053 | D:3      | Reached skill level 6 in Stealth
  2091 | D:3      | Noticed an ogre
  2105 | D:3      | Killed an ogre
  2106 | D:3      | Reached XP level 5. HP: 36/36 MP: 5/5
  2127 | D:3      | Found Jefed's General Store.
  2233 | D:3      | Noticed a water moccasin
  2294 | D:3      | Killed a water moccasin
  2295 | D:3      | Reached XP level 6. HP: 42/42 MP: 6/6
  2466 | D:4      | Found a staircase to the Ecumenical Temple.
  2472 | Temple   | Entered the Ecumenical Temple
  2477 | Temple   | Became a worshipper of Gozag Ym Sagoz the Greedy
  2873 | D:4      | Noticed a necrophage
  3196 | D:5      | Entered Level 5 of the Dungeon
  3377 | D:5      | Found Sobam's Weapon Shoppe.
  3551 | D:5      | Reached skill level 1 in Evocations
  3551 | D:5      | Reached XP level 7. HP: 39/46 MP: 7/7
  3766 | D:5      | Reached skill level 7 in Stealth
  4232 | D:6      | Noticed a troll
  4264 | D:6      | HP: 2/48 [troll (10)]
  4264 | D:6      | Mangled by a troll

Illustrated notes

Levels and vault maps discovered:
D:1:      matt_arrival_los_fun, layout_loops_ring,
          hellmonk_ecumenical_altar_arch_garden, amcnicky_mini_pool_small,
          patterned_corridor
D:2:      layout_basic, nrook_mini_backslash
D:3:      kennysheep_six_static_rooms, layout_rooms, serial_shops, shop
D:4:      layout_cave_pods, minmay_temple_entry_hall,
          hangedman_decor_diamond_cutter
D:5:      layout_rooms, serial_shops, nicolae_shop_crystal
D:6:      layout_basic
Temple:   grunt_wide_crystal_templ

Skill      XL: |  1  2  3  4  5  6  7 |
---------------+----------------------+-----
Dodging        | 2 3 |  3.6
Stealth        | 6 7 |  7.0
Fighting       | 3 4 |  4.0
Short Blades   | 3 4 |  4.1
Throwing       | 3 4 |  4.1
Evocations     | 1 2 |  2.2

Action                   |  1- 3 |  4- 6 |  7- 9 || total
-------------------------+-------+-------+-------++-------
Melee: Dagger            |    49 |    55 |    19 ||   123
       Constrict         |    11 |     9 |     2 ||    22
       Tentacles         |    11 |     8 |     1 ||    20
Throw: Dart              |    42 |    56 |    35 ||   133
       Stone             |     5 |     6 |       ||    11
Evoke: Wand              |       |       |     4 ||     4
  Use: Scroll            |       |     7 |     1 ||     8
 Stab: Sleeping          |    12 |    10 |       ||    22
Armor: Skin              |       |     9 |     6 ||    15
Dodge: Dodged            |    16 |    36 |    26 ||    78
